 Seeded DCSS version 0.30-a0-134-gb40fab5c76 (webtiles) character file.

Game seed: 17246712331252751712 (custom seed)

51 wilfster70 the Digger (level 3, -9/20 HPs)
             Began as a Gargoyle Earth Elementalist on Sept 19, 2022.
             Was a Priest of Uskayaw.
             Killed by divine providence
             ... invoked by an orc priest
              (14 damage)
             ... on level 3 of the Dungeon.
             The game lasted 00:04:55 (1416 turns).

wilfster70 the Digger (Gargoyle Earth Elementalist) Turns: 1416, Time: 00:04:55

Health: -9/20      AC:  5    Str: 11    XL:     3   Next: 83%
Magic:  2/6        EV: 12    Int: 17    God:    Uskayaw [***...]
Gold:   110        SH:  0    Dex: 14    Spells: 2/6 levels left

rFire   . . .      SeeInvis .    a - +4 trident (vamp)
rCold   . . .      Faith    .    (no shield)
rNeg    + . .      Spirit   .    c - +0 robe
rPois   ∞          Reflect  .    (no helmet)
rElec   +          Harm     .    (no cloak)
rCorr   .          Rampage  .    (no gloves)
Will    .....                    (no boots)
Stlth   ++........               d - amulet of Faxea {rElec Regen+ Dex+4}
HPRegen 0.86/turn                (no ring)
MPRegen 0.10/turn                (no ring)

@: no status effects
A: sickness immunity, AC +3, negative energy resistance 1, electricity
resistance, torment resistance 1, petrification resistance
a: Renounce Religion, Stomp, Line Pass


You were on level 3 of the Dungeon.
You worshipped Uskayaw.
Uskayaw was noncommittal.
You visited 1 branch of the dungeon, and saw 3 of its levels.

You collected 110 gold pieces.

Inventory:

Hand Weapons
 a - a +4 vampiric trident (weapon)
 b - a +0 sling of flaming
Armour
 c - a +0 robe (worn)
Jewellery
 d - the amulet of Faxea (around neck) {rElec Regen+ Dex+4}
   (You acquired it on level 1 of the Dungeon)

   [amulet of regeneration]

   Dex:       It affects your dexterity (+4).
   rElec:     It insulates you from electricity.
   Regen:     It increases your rate of health regeneration.
 m - a ring of ice
Scrolls
 e - a scroll of blinking {unknown}
 f - 2 scrolls of teleportation {unknown}
 g - 3 scrolls of fog {unknown}
 h - 2 scrolls of identify {unknown}
 j - 2 scrolls of poison {unknown}
 k - a scroll of amnesia {unknown}
 o - a scroll of enchant weapon {unknown}
 q - a scroll of fear {unknown}
Potions
 i - 4 potions of curing {unknown}
 l - a potion of cancellation {unknown}
 n - 2 potions of lignification {unknown}
 p - a potion of flight {unknown}
 r - 2 potions of magic


   Skills:
 + Level 1.3 Fighting
 + Level 1.0 Polearms
 - Level 1.5 Dodging
 - Level 2.1 Stealth
 + Level 2.4 Spellcasting
 - Level 0.7 Transmutations
 * Level 4.5 Earth Magic


You had 2 spell levels left.
You knew the following spells:

 Your Spells              Type           Power      Damage    Failure   Level
a - Sandblast             Erth           34%        2d9       2%          1
b - Stone Arrow           Conj/Erth      18%        3d8       22%         3

Your spell library contained the following spells:

 Spells                   Type           Power      Damage    Failure   Level
 Passwall                 Tmut/Erth      9%         N/A       10%         2
 Foxfire                  Conj/Fire      8%         2x1d4     19%         1
 Blink                    Tloc           4%         N/A       28%         2
 Inner Flame              Hex/Fire       2%         N/A       50%         3
 Kindle Blastsparks       Fire/Tloc/Air  4%         2d10      50%         3
 Lesser Beckoning         Tloc           2%         N/A       50%         3
 Petrify                  Tmut/Erth      11%        N/A       52%         4
 Flame Wave               Conj/Fire      2%         2d4       88%         4
 Manifold Assault         Tloc           2%         N/A       88%         4


Dungeon Overview and Level Annotations

Branches:
Dungeon (3/15)

Altars:
Uskayaw
Wu Jian


Innate Abilities, Weirdness & Mutations

You are immune to sickness and miasma.
Your stone body is resilient. (AC +3)
You are immune to poison.
You resist negative energy. (rN+)
You are resistant to electric shocks. (rElec)
You are resistant to unholy torment.
You are immune to petrification.


Message History

The blast of sand hits the orc.
The orc is heavily wounded.
The orc priest shouts!
The orc closely misses you.
Casting: Sandblast (safe; 3% risk of failure)
Confirm with . or Enter, or press ? or * to list all spells.
Aiming: Sandblast (safe; 3% risk of failure)
Press: ? - help, Shift-Dir - straight line, f/p - orc
Aim: an orc, wielding a +0 hand axe and wearing a +0 leather armour (heavily wounded, 82% to hit)
The blast of sand hits the orc.
You kill the orc!
The orc priest hits you with a +0 hand axe.
Uskayaw will force your foes to helplessly watch your dance.
Uskayaw prepares the audience for your solo!
Your Polearms skill increases to level 1!
Casting: Sandblast (safe; 2% risk of failure)
Confirm with . or Enter, or press ? or * to list all spells.
Aiming: Sandblast (safe; 2% risk of failure)
Press: ? - help, Shift-Dir - straight line, f - orc priest
Aim: an orc priest, wielding a +0 hand axe (paralysed, 100% to hit)
The blast of sand hits the orc priest.
The orc priest is lightly wounded.
The orc priest is no longer paralysed.
The orc priest mumbles some strange prayers to Beogh against you.
Beogh smites you!
Ouch! That really hurt!
* * * LOW HITPOINT WARNING * * *
You barely miss the orc priest.
The orc priest is lightly wounded.
The orc priest hits you but does no damage.
You hit the orc priest.
The orc priest is moderately wounded.
The orc priest misses you.
The orc priest hits you but does no damage.
You hit the orc priest.
The orc priest is severely wounded.
The orc priest mumbles some strange prayers to Beogh against you.
Beogh smites you!
Ouch! That really hurt!
You die...

....#.........~~#
...#.......~~~~#
#o##........~~~#
#.##.._)...~~~~#
#.##..♣.(.(.~~~#
#.##(........~~#
#.#######.######
#..######.#
##.o@.....#
##########


You could see an orc priest.

Vanquished Creatures
  An adder (D:2)
  A dart slug (D:3)
  4 orcs (D:3)
  3 ball pythons
  A bat (D:1)
  3 endoplasms (D:1)
  A giant cockroach (D:1)
  4 hobgoblins
  2 quokkas (D:1)
  A frilled lizard (D:2)
  3 goblins (D:1)
  5 kobolds (D:1)
  4 rats (D:1)
33 creatures vanquished.

Notes
Turn   | Place    | Note
-------+----------+-------------------------------------------
     0 | D:1      | wilfster70 the Gargoyle Earth Elementalist began the quest
                  | for the Orb.
     0 | D:1      | Reached XP level 1. HP: 10/10 MP: 3/3
    85 | D:1      | Identified a scroll of acquirement
    85 | D:1      | Acquired a +4 vampiric trident
   231 | D:1      | Acquired the amulet of Faxea {rElec Regen+ Dex+4}
   262 | D:1      | Reached XP level 2. HP: 16/16 MP: 3/5
   269 | D:1      | Reached skill level 4 in Earth Magic
   498 | D:1      | Reached skill level 1 in Fighting
   701 | D:2      | Reached XP level 3. HP: 15/20 MP: 1/6
   746 | D:2      | Learned a level 3 spell: Stone Arrow
   829 | D:2      | Found a faded altar of an unknown god.
   840 | D:2      | Prayed at the altar of an unknown god.
   840 | D:2      | Became a worshipper of Uskayaw the Reveller
   840 | D:2      | Reached * piety under Uskayaw
  1372 | D:3      | Found an ornate altar of the Wu Jian Council.
  1409 | D:3      | Reached ** piety under Uskayaw
  1412 | D:3      | Reached *** piety under Uskayaw
  1413 | D:3      | Reached skill level 1 in Polearms
  1413 | D:3      | HP: 1/20 [orc priest/divine providence (15)]
  1416 | D:3      | Killed from afar by an orc priest

Illustrated notes

Levels and vault maps discovered:
D:1:      evilmike_arrival_plus, layout_rooms
D:2:      minmay_evil_eye, layout_loops_ring, ebering_ecumenical_altar_box
D:3:      layout_basic, palyth_temple_overflow_mages, nzn_wu_jian_contemplation,
          amethyst_overflow_temple_binary, portal_sewer_entry_c

Skill      XL: |  1  2  3 |
---------------+----------+-----
Earth Magic    | 4 |  4.5
Fighting       | 1 |  1.3
Polearms       | 1 |  1.0
Dodging        | |  1.5
Stealth        | |  2.1
Spellcasting   | |  2.4
Transmutations | |  0.7

Action                   || total
-------------------------++-------
Melee: Trident           ||    24
 Cast: Sandblast         ||    42
  Use: Scroll            ||     2
Armor: Robe              ||    10
Dodge: Dodged            ||    27

Table legend: (Time is in decaauts)
 A = Elapsed time spent in this place.
 B = Non-inter-level travel time spent in this place.
 C = Inter-level travel time spent in this place.
 D = Time resting spent in this place.
 E = Time spent auto-exploring this place.
 F = Levels seen in this place.
 G = Mean time per level.
                   A        B        C        D        E       F      G
               +--------+--------+--------+--------+--------+-----+--------+
         Total |   1442 |   1386 |     56 |    257 |    295 |   3 |  480.7 |
       Dungeon |   1442 |   1386 |     56 |    257 |    295 |   3 |  480.7 |
               +--------+--------+--------+--------+--------+-----+--------+

Top non-repeatable levels by time:
     D:1: 652 daAuts
     D:2: 591 daAuts
     D:3: 198 daAuts
